[Event "Early-Titled-Tuesday-Blitz-March-19-2024"]
[Site "Chess.com"]
[Date "2024.03.19"]
[Round "5"]
[White "1mbl4"]
[Black "picturesquecheck"]
[Result "1-0"]
[WhiteElo "2620"]
[BlackElo "2430"]
[TimeControl "180+1"]
[EndTime "8:56:41 PDT"]
[Termination "1mbl4 won by resignation"]

1. b3 Nf6 2. Bb2 g6 3. Bxf6 exf6 4. c4 Bg7 5. g3 O-O 6. Bg2 d6 7. Nc3 f5 8. e3 Nd7 9. Nge2 Re8 10. h4 h5 11. O-O Nf6 12. d4 c6 13. b4 Ne4 14.
b5 Bd7 15. bxc6 bxc6 16. Qc2 Nxc3 17. Nxc3 Rb8 18. Rab1 Qa5 19. Rb3 Qa6 20. Rfb1 Rbc8 21. Rb4 c5 22. Rb7 cxd4 23. Rxd7 dxc3 24. Bd5 Rf8 25.
Rbb7 Kh8 26. Rxf7 Rxf7 27. Rxf7 Qa3 28. Rxf5 Qb2 29. Rxh5+ gxh5 30. Qf5 Be5 31. Qxc8+ Kg7 32. Qg8+ Kh6 33. Be4 Qc1+ 34. Kg2 1-0

[Event "Early-Titled-Tuesday-Blitz-March-19-2024"]
[Site "Chess.com"]
[Date "2024.03.19"]
[Round "5"]
[White "willcab71"]
[Black "Bob_2004"]
[Result "0-1"]
[WhiteElo "2119"]
[BlackElo "2407"]
[TimeControl "180+1"]
[EndTime "8:56:41 PDT"]
[Termination "Bob_2004 won by resignation"]

1. d4 Nf6 2. c4 e6 3. Nf3 c5 4.
g3 b6 5. Bg2 Bb7 6. d5 exd5 7.
Nh4 g6 8. Nc3 Bg7 9. O-O O-O 10.
cxd5 d6 11. a4 Na6 12. e4 Nb4 13. h3 Re8 14. Re1 Ba6 15. Nb5 Bxb5 16. axb5 Nfxd5 17. Bd2 Nc7 18. Qb3 Nxb5 19. Bxb4 Nd4 20. Qc4 cxb4 21.
Qxb4 Nc2 22. Qb5 Nxe1 23. Rxe1 d5 24. exd5 Rxe1+ 0-1

[Event "Early-Titled-Tuesday-Blitz-March-19-2024"]
[Site "Chess.com"]
[Date "2024.03.19"]
[Round "5"]
[White "GodzillaChessYoutube"]
[Black "koncheto"]
[Result "1-0"]
[WhiteElo "2665"]
[BlackElo "2503"]
[TimeControl "180+1"]
[EndTime "8:56:42 PDT"]
[Termination "GodzillaChessYoutube won on time"]

1. c4 Nf6 2. e3 e6 3. Nc3 b6 4. d4 Bb7 5. Nf3 d5 6. cxd5 exd5 7. Be2 a6 8. a3 Bd6 9. b4 O-O 10. Bb2 Nc6 11. Rc1 Ne7 12. Ne5 Bxe5 13. dxe5 Nd7 14.
Na4 Re8 15. O-O a5 16. b5 Rc8 17. Bd3 f6 18. Bxh7+ Kxh7 19. Qh5+ Kg8 20. e6 Nf8 21. Qf7+ Kh8 22. Rfd1 Ng8 23. Rd4 Nh6 24. Rh4 Qe7 25.
Rxh6+ gxh6 26. Bxf6+ Qxf6 27. Qxf6+ Kg8 28. Qf7+ Kh8 29.
e7 Nh7 30. Nxb6 cxb6 31. Rxc8 1-0

[Event "Early-Titled-Tuesday-Blitz-March-19-2024"]
[Site "Chess.com"]
[Date "2024.03.19"]
[Round "5"]
[White "SharapovEvgeny"]
[Black "Misterfox120"]
[Result "1-0"]
[WhiteElo "2568"]
[BlackElo "2423"]
[TimeControl "180+1"]
[EndTime "8:56:42 PDT"]
[Termination "SharapovEvgeny won by resignation"]

1. e4 e5 2. Nf3 Nf6 3. d4 Nxe4 4.
Bd3 d5 5. Nxe5 Nd7 6. Nxd7 Bxd7 7. O-O Bd6 8. c4 O-O 9. cxd5 f5 10. Nc3 Qf6 11. h3 Qxd4 12. Bxe4 Qxd1 13. Rxd1 fxe4 14. Nxe4 Rae8 15. Nxd6 cxd6 16. Be3 b6 17. a4 Rb8 18. a5 bxa5 19. Rxa5 Rxb2 20. Rxa7 Rf7 21. Ra6 Bb5 22. Rxd6 Rd7 23. Rb6 Ba4 24. Rxb2 Bxd1 25. Rd2 Bb3 26. d6 Kf7 27. Bb6 Be6 28. Bc7 h5 29. f4 g6 30. Kf2 Kf6 31. Kf3 Bc4 32. g4 hxg4+ 33. hxg4 Bb3 34. Ke4 Be6 35. g5+ Kf7 36. Ke5 Bf5 37. Rh2 Kg7 38. Rb2 Bg4 39. Rb8 Bf5 40.
Kd5 Bg4 41. Kc6 Bf5 42. Rd8 Rxd8 43. Bxd8 Kf7 44. d7 Bxd7+ 45. Kxd7 1-0

[Event "Early-Titled-Tuesday-Blitz-March-19-2024"]
[Site "Chess.com"]
[Date "2024.03.19"]
[Round "5"]
[White "BashirliSaadat"]
[Black "Kotlyar_K"]
[Result "1-0"]
[WhiteElo "2374"]
[BlackElo "2621"]
[TimeControl "180+1"]
[EndTime "8:56:42 PDT"]
[Termination "BashirliSaadat won on time"]

1. d4 Nf6 2. e3 g6 3. Bd3 d5 4.
f4 Bg7 5. Nf3 O-O 6. Nbd2 c5 7. c3 Nc6 8. O-O Bg4 9. h3 Bf5 10.
Qc2 e6 11. Bxf5 exf5 12. Ne5 Rc8 13. Qd3 Nd7 14. b3 Re8 15. Bb2 f6 16. Nxc6 Rxc6 17. c4 Rce6 18. Rf3 Nb8 19. Rc1 cxd4 20. Bxd4 Nc6 21. Bb2 dxc4 22. Qxd8 Rxd8 23. Nxc4 Nb4 24. Bd4 b6 25. a3 Nc6 26. Bb2 Bf8 27. b4 Rd3 28.
Rc3 Rd1+ 29. Rf1 Rxf1+ 30. Kxf1 b5 31. Nd2 a5 32. bxa5 Nxa5 33. Ke2 b4 34. axb4 Bxb4 35.
Rc8+ Kf7 36. Nc4 Nxc4 37. Rxc4 Ba5 38. Bd4 Ra6 39. Ra4 1-0

[Event "Early-Titled-Tuesday-Blitz-March-19-2024"]
[Site "Chess.com"]
[Date "2024.03.19"]
[Round "5"]
[White "Eagle_2019"]
[Black "GlavkonVVS"]
[Result "1-0"]
[WhiteElo "2867"]
[BlackElo "2692"]
[TimeControl "180+1"]
[EndTime "8:56:45 PDT"]
[Termination "Eagle_2019 won by resignation"]

1. d4 Nf6 2. Bg5 c5 3. Bxf6 gxf6 4. d5 Qb6 5. Qc1 Bh6 6. e3 f5 7.
c4 d6 8. Nc3 Nd7 9. Nf3 Rg8 10.
Qc2 Nf6 11. g3 e6 12. Bg2 a6 13. O-O Ke7 14. dxe6 fxe6 15. e4 fxe4 16. Nxe4 Nxe4 17. Qxe4 Qxb2 18. Qxh7+ Qg7 19. Qe4 Bd7 20. Qxb7 Rgb8 21.
Qe4 Ra7 22. Rad1 Rc7 23. Qh4+ Qf6 24. Qxf6+ Kxf6 25. Rxd6 Bc8 26. Re1 Rb2 27. Ne5 Rxa2 28. Ng4+ Ke7 29. Rb6 Bg7 30. Ne3 Kd8 31. Bh3 Re7 32.
Rc6 Rc7 33. Rd6+ Ke7 34. Nf5+ Kf7 35. Nxg7 Kxg7 36. Bxe6 Bxe6 37. Rexe6 a5 38. Rc6 Rxc6 39. Rxc6 a4 40. Rxc5 a3 41. Ra5 Kf6 42. Kg2 Ke6 43. h4 Ra1 44. h5 a2 45. g4 Kf6 46. g5+ Kf7 47. Ra6 1-0

[Event "Early-Titled-Tuesday-Blitz-March-19-2024"]
[Site "Chess.com"]
[Date "2024.03.19"]
[Round "5"]
[White "bulletteemo"]
[Black "gpsji27"]
[Result "1-0"]
[WhiteElo "2590"]
[BlackElo "2358"]
[TimeControl "180+1"]
[EndTime "8:56:45 PDT"]
[Termination "bulletteemo won by resignation"]

1. e4 e5 2. Nf3 Nc6 3. Bb5 a6 4. Ba4 Nf6 5. d3 b5 6. Bb3 Be7 7. O-O d6 8. c3 O-O 9. a4 Be6 10. Bc2 d5 11. Nbd2 Qd7 12. Re1 Bd6 13. h3 Rfe8 14. Nf1 dxe4 15. dxe4 b4 16. Bg5 Be7 17. a5 bxc3 18. bxc3 h6 19. Bxf6 Bxf6 20. Ba4 Red8 21.
Qe2 Qe8 22. Ne3 Bd7 23. Nd5 Ra7 24. Qe3 Rb7 25. Nxf6+ gxf6 26. Qxh6 Qf8 27. Qxf6 Qg7 28. Qh4 Re8 29. Red1 f6 30. Rxd7 Qxd7 31. Qxf6 Re6 32. Qg5+ Kf7 33. Bxc6 Qxc6 34. Nxe5+ Rxe5 35. Qxe5 Rb2 36. Rd1 Kg8 37. Qe7 Qg6 38. Rd8+ 1-0

[Event "Early-Titled-Tuesday-Blitz-March-19-2024"]
[Site "Chess.com"]
[Date "2024.03.19"]
[Round "5"]
[White "DenLaz"]
[Black "platy3"]
[Result "1-0"]
[WhiteElo "3087"]
[BlackElo "2958"]
[TimeControl "180+1"]
[EndTime "8:56:46 PDT"]
[Termination "DenLaz won by checkmate"]

1. d4 Nf6 2. c4 e6 3. Nf3 d5 4. g3 Be7 5. Bg2 O-O 6. O-O dxc4 7. Qc2 b5 8. a4 Bb7 9. axb5 a6 10. bxa6 Nxa6 11.
Qxc4 Bd5 12. Qc3 c5 13. Be3 Ne4 14. Qc1 cxd4 15. Bxd4 Nac5 16. Rxa8 Qxa8 17. Nc3 Nxc3 18.
Bxc3 Rc8 19. Qe3 Ne4 20. Bd4 Bf6 21. Bxf6 Nxf6 22. Rc1 Rb8 23. Qd4 Qb7 24. Ne1 Bxg2 25. Nxg2 h6 26. Rc2 Qb3 27. Ne1 Qb5 28. Kg2 Qf5 29. Qd3 Qe5 30. Nf3 Qa5 31. Qd4 Nd5 32. Ne5 Qa6 33. e4 Nf6 34. Nc6 Re8 35. b4 Qa4 36. Qc4 Nd7 37. b5 Qa3 38. Qd4 Nb8 39. Ne5 Qa5 40. b6 f6 41. Ng4 Qg5 42. Ne3 Qb5 43.
Rc7 Rf8 44. b7 Nc6 45. Qd7 Ne5 46. Qxg7# 1-0

[Event "Early-Titled-Tuesday-Blitz-March-19-2024"]
[Site "Chess.com"]
[Date "2024.03.19"]
[Round "5"]
[White "maciek_92"]
[Black "GothamChess"]
[Result "1-0"]
[WhiteElo "2897"]
[BlackElo "2702"]
[TimeControl "180+1"]
[EndTime "8:56:46 PDT"]
[Termination "maciek_92 won on time"]

1. c4 g6 2. Nc3 Bg7 3. g3 d6 4.
Bg2 Nc6 5. e3 Bd7 6. d4 e5 7. Nge2 h5 8. h3 h4 9. g4 f5 10. gxf5 gxf5 11. dxe5 Nxe5 12. Nf4 Bc6 13. Ncd5 Kf7 14. Qb3 a5 15. a4 Qd7 16. c5 Kf8 17. Nxc7 Bxg2 18. Nce6+ Ke7 19. Nxg2 Qxe6 20. Qxb7+ Kf6 21. Qxa8 Qc4 22. Nf4 Ne7 23. Qg2 Bh6 24.
Bd2 Bxf4 25. Bc3 Ke6 26. exf4 Nd3+ 27. Kd2 Nxf4 28. Rhe1+ Kf7 29. Qg7+ 1-0

[Event "Early-Titled-Tuesday-Blitz-March-19-2024"]
[Site "Chess.com"]
[Date "2024.03.19"]
[Round "5"]
[White "HandKnit"]
[Black "mary-sanna"]
[Result "1-0"]
[WhiteElo "2499"]
[BlackElo "2191"]
[TimeControl "180+1"]
[EndTime "8:56:47 PDT"]
[Termination "HandKnit won on time"]

1. Nf3 d5 2. g3 Nf6 3. Bg2 Nbd7 4.
d4 Nb6 5. O-O Bf5 6. Nbd2 e6 7.
Re1 Be7 8. c3 O-O 9. Nh4 Bg4 10.
Qc2 c5 11. dxc5 Bxc5 12. e4 dxe4 13. Nxe4 Nxe4 14. Bxe4 h6 15. Bxb7 Rb8 16. Bg2 Qf6 17. Bf4 e5 18. Bxe5 Qg5 19. Bxb8 Rxb8 20. Nf3 Qf6 21. Nd4 Nc4 22. b3 Ne5 23. Qe4 Re8 24. Qf4 Nd3 25. Rxe8+ Kh7 26. Be4+ Bf5 27. Qxf5+ Qxf5 28. Bxf5+ g6 29. Bxd3 1-0

[Event "Early-Titled-Tuesday-Blitz-March-19-2024"]
[Site "Chess.com"]
[Date "2024.03.19"]
[Round "5"]
[White "Karina_Ivanova"]
[Black "ChristianArca"]
[Result "0-1"]
[WhiteElo "2239"]
[BlackElo "2682"]
[TimeControl "180+1"]
[EndTime "8:56:50 PDT"]
[Termination "ChristianArca won by resignation"]

1. d4 Nf6 2. c4 c5 3. Nf3 g6 4. g3 Bg7 5. Bg2 O-O 6. O-O cxd4 7. Nxd4 Nc6 8. Nc3 d6 9. Nxc6 bxc6 10. Bg5 Qb6 11. Qd2 Rd8 12. Rac1 Rb8 13. b3 Bb7 14. e4 Qa5 15. Bh6 Bh8 16. Nd5 cxd5 17. Qxa5 dxe4 18. Qxa7 Nd7 19. Qe3 Nc5 20. Rc2 f5 21.
Bg5 Rd7 22. Rd1 Nd3 23. Rcd2 Ne5 24. Bf4 Ng4 25. Qe2 Bc3 26. Rc2 Bb4 27. h3 Nf6 28.
Bg5 Nh5 29. g4 Ng7 30. gxf5 gxf5 31. f3 Ne6 32. Be3 f4 33. Bd2 Nd4 34. Qe1 Nxc2 35. Bxb4 Nxe1 36. Rxe1 exf3 37. Kf2 fxg2 0-1

[Event "Early-Titled-Tuesday-Blitz-March-19-2024"]
[Site "Chess.com"]
[Date "2024.03.19"]
[Round "5"]
[White "Pikku_Myy73"]
[Black "ajeale2"]
[Result "0-1"]
[WhiteElo "2267"]
[BlackElo "2459"]
[TimeControl "180+1"]
[EndTime "8:56:51 PDT"]
[Termination "ajeale2 won by resignation"]

1. d4 d5 2. c4 dxc4 3. e4 e5 4. Nf3 exd4 5. Bxc4 Nc6 6. O-O Be6 7. Bb5 Bc5 8. b4 Bb6 9. a4 a6 10. Bxc6+ bxc6 11. a5 Ba7 12. Bb2 Bg4 13. Qc1 Bxf3 14. Qxc6+ Kf8 15.
gxf3 Ne7 16. Qc4 Ng6 17. Qd5 Qxd5 18. exd5 Nf4 19. Rd1 Rd8 20. Nd2 Rxd5 21. Nb3 h5 22.
Kf1 Rh6 23. Rac1 c6 24. Rd2 Rg6 25. Bxd4 Rdg5 26. Bc5+ Bxc5 27. Rd8+ Ke7 28. Ke1 Rg1+ 29. Kd2 Bxb4+ 30. Kc2 Rxc1+ 0-1

[Event "Early-Titled-Tuesday-Blitz-March-19-2024"]
[Site "Chess.com"]
[Date "2024.03.19"]
[Round "5"]
[White "Hikaru"]
[Black "ViIIagra"]
[Result "1-0"]
[WhiteElo "3283"]
[BlackElo "2921"]
[TimeControl "180+1"]
[EndTime "8:56:53 PDT"]
[Termination "Hikaru won by resignation"]

1. Nf3 d6 2. d4 Nf6 3. Nc3 Nbd7 4. e4 e5 5. Bc4 Be7 6. O-O O-O 7. Qe2 c6 8. a4 h6 9. a5 Re8 10. d5 cxd5 11.
Bxd5 Nc5 12. b4 Ne6 13. Rd1 Qc7 14. Nb5 Qb8 15. c4 Nxd5 16. exd5 Nc7 17. Nc3 Bf5 18.
Ba3 Bf8 19. c5 Na6 20. c6 Nc7 21. b5 Bg4 22. h3 Bxf3 23. Qxf3 bxc6 24. bxc6 Qb3 25.
Rdb1 Qc4 26. Rb4 Qa6 27. Rb7 Rac8 28. Bb4 Qc4 29. Ra4 e4 30. Qf4 Qd3 31. Qe3 Qc2 32.
Ra2 Qd3 33. Qxd3 exd3 34. Rd2 a6 35. Rxd3 1-0

[Event "Early-Titled-Tuesday-Blitz-March-19-2024"]
[Site "Chess.com"]
[Date "2024.03.19"]
[Round "5"]
[White "jocmil"]
[Black "adotand"]
[Result "0-1"]
[WhiteElo "2766"]
[BlackElo "3001"]
[TimeControl "180+1"]
[EndTime "8:56:55 PDT"]
[Termination "adotand won by resignation"]

1. b3 d5 2. Bb2 Bf5 3. e3 e6 4. Nf3 h6 5. Bd3 Bxd3 6. cxd3 Nf6 7. O-O Be7 8. Ne5 a5 9. Nc3 O-O 10. f4 d4 11. Ne2 c5 12. e4 Na6 13. a4 Nd7 14. Nc4 Nb4 15. Rf3 Qb8 16. Ba3 b5 17.
axb5 Qxb5 18. Bxb4 cxb4 19. Kh1 Nc5 20. Nb2 Rfd8 21.
Nc1 Ra7 22. Rg3 Rda8 23. Na4 Nd7 24. Ne2 Nc5 25. Nxd4 Qd7 26. Nf3 Nxd3 27. Qf1 Rd8 28. Nb6 Qc6 29. Nc4 Qxe4 30. Rxa5 Rxa5 31. Nxa5 Nxf4 32.
h3 Nh5 33. Rg4 Qxg4 34. hxg4 Ng3+ 35. Kg1 Nxf1 36. Kxf1 Bf6 37. Ke2 Rc8 38. Nc4 g6 39.
d4 Ra8 40. Kd3 Ra2 41. Nfd2 Bg5 42. Ne4 Rxg2 43. Nc5 Rxg4 44. Na6 Rg3+ 45. Kc2 Be7 0-1

[Event "Early-Titled-Tuesday-Blitz-March-19-2024"]
[Site "Chess.com"]
[Date "2024.03.19"]
[Round "5"]
[White "fandebobbyfischer"]
[Black "enriquebutti"]
[Result "1-0"]
[WhiteElo "2692"]
[BlackElo "2192"]
[TimeControl "180+1"]
[EndTime "8:56:56 PDT"]
[Termination "fandebobbyfischer won by resignation"]

1. e4 e6 2. d4 d5 3. Nd2 Nf6 4. e5 Nfd7 5. f4 c5 6. c3 Nc6 7. Ndf3 Qb6 8. Ne2 f6 9. g3 Be7 10. Bh3 O-O 11. Bxe6+ Kh8 12. Bxd5 fxe5 13. dxe5 c4 14.
Ned4 Nxd4 15. cxd4 Bb4+ 16. Bd2 Nb8 17. O-O Bg4 18.
Bc3 Nc6 19. Bxc4 Rad8 20. Kg2 Bxf3+ 21. Qxf3 Nxd4 22. Bxd4 Qxd4 23. Bb3 Qxb2+ 24. Kh3 Rd2 25. Rh1 Qxe5 26. fxe5 Rxf3 27. Rad1 h5 28. Rxd2 Bxd2 29. Rd1 Bg5 30. Rd7 Re3 31. e6 Bf6 32. Rxb7 g5 33. Kg2 g4 34. Rf7 Bg7 35. e7 Kh7 36. Ba4 Kg6 37.
e8=Q 1-0

[Event "Early-Titled-Tuesday-Blitz-March-19-2024"]
[Site "Chess.com"]
[Date "2024.03.19"]
[Round "5"]
[White "MarcoRiehle"]
[Black "ArmanGhevondyanchess"]
[Result "0-1"]
[WhiteElo "2800"]
[BlackElo "2608"]
[TimeControl "180+1"]
[EndTime "8:56:57 PDT"]
[Termination "ArmanGhevondyanchess won by checkmate"]

1. e4 c5 2. a3 d5 3. exd5 Qxd5 4. Nc3 Qd8 5. Nf3 Nc6 6. Bb5 Bd7 7. O-O Nf6 8. Re1 e6 9. d3 Be7 10. Bg5 O-O 11. h3 a6 12. Ba4 Nd4 13. Bxd7 Qxd7 14. Nxd4 cxd4 15. Bxf6 Bxf6 16. Ne4 Be7 17. c4 dxc3 18.
bxc3 Rac8 19. c4 b5 20. Qb3 Rfd8 21. Rad1 bxc4 22. dxc4 Qc6 23. Rxd8+ Rxd8 24. Ng3 Rc8 25. Rc1 Bc5 26. a4 h6 27. Rd1 Be7 28. Rc1 Bg5 29. Rc2 Bf4 30. Kh2 Bxg3+ 31. fxg3 Qc5 32. Qb7 a5 33. Qb5 g6 34. Rd2 Kg7 35. Rd7 Qxc4 36.
Qxa5 Qf1 37. Qe5+ Qf6 38. Qe3 Rc2 39. a5 Ra2 40. Ra7 Qf1 41. Qe5+ Kh7 42. Qe4 Ra1 43. g4 Qg1+ 44. Kg3 Ra3+ 45. Kf4 Qxa7 46. Ke5 Qe7 47. h4 f6+ 48. Kf4 e5+ 49. Qxe5 Qxe5# 0-1

[Event "Early-Titled-Tuesday-Blitz-March-19-2024"]
[Site "Chess.com"]
[Date "2024.03.19"]
[Round "5"]
[White "Antipov_Mikhail_Al"]
[Black "MatyChess1"]
[Result "1-0"]
[WhiteElo "2912"]
[BlackElo "2656"]
[TimeControl "180+1"]
[EndTime "8:56:57 PDT"]
[Termination "Antipov_Mikhail_Al won by resignation"]

1. e4 c6 2. d4 d5 3. exd5 cxd5 4. Bd3 Nc6 5. c3 Qc7 6. h3 Nf6 7. Nf3 g6 8. O-O Bf5 9. Be2 Bg7 10. Re1 O-O 11. Be3 Rfe8 12. Nbd2 Rad8 13. Rc1 Ne4 14. b4 Qb8 15. Bf1 e5 16. Bb5 Nxd2 17. Qxd2 e4 18. Nh2 h5 19. Nf1 Bd7 20. Bf4 Qc8 21. Ne3 Be6 22. Bf1 Qd7 23. Red1 Kh7 24. b5 Ne7 25. a4 Rc8 26. c4 dxc4 27. d5 c3 28. Qa2 Bf5 29. Be2 Ng8 30. g4 hxg4 31.
hxg4 Nf6 32. gxf5 gxf5 33. Kg2 Rg8 34. Rh1+ Bh6+ 35. Kf1 Rg6 36. d6 Rcg8 37. Rxc3 R8g7 38.
Rc7 Qe8 39. Nxf5 1-0

[Event "Early-Titled-Tuesday-Blitz-March-19-2024"]
[Site "Chess.com"]
[Date "2024.03.19"]
[Round "5"]
[White "FormerProdigy"]
[Black "TregubovP"]
[Result "1-0"]
[WhiteElo "2950"]
[BlackElo "2679"]
[TimeControl "180+1"]
[EndTime "8:56:58 PDT"]
[Termination "FormerProdigy won by resignation"]

1. e4 c5 2. Nf3 e6 3. b3 Nc6 4. Bb2 a6 5. c4 Nf6 6. e5 Ng4 7. g3 Be7 8. Bh3 Nh6 9. O-O O-O 10. d4 cxd4 11. Nxd4 Nxe5 12. Nxe6 dxe6 13. Bxe5 Bd7 14. Bg2 Qc8 15. Nc3 Bc6 16. Rc1 Bxg2 17. Kxg2 Rd8 18. Qf3 Nf5 19. Na4 Qc6 20. Qxc6 bxc6 21. Rfd1 Kf8 22. Nb6 Rxd1 23. Rxd1 Rd8 24. Rxd8+ Bxd8 25. Nd7+ Ke8 26. Nb8 f6 27. Bc3 c5 28. Nxa6 Bb6 29.
b4 cxb4 30. Bxb4 Kd7 31. Nc5+ Kd6 32. Na4+ Kc6 33. Nxb6 Kxb6 34. Kf3 Nd4+ 35. Ke4 Nc6 36. Bf8 g6 37. Bg7 f5+ 38. Kf4 Kc5 39. Kg5 Kxc4 40. Kh6 Kd3 41. f4 Ke4 42. Kxh7 Kf3 43. Kxg6 Kg4 1-0

[Event "Early-Titled-Tuesday-Blitz-March-19-2024"]
[Site "Chess.com"]
[Date "2024.03.19"]
[Round "5"]
[White "CarlosjPineror"]
[Black "Chess_Gainz"]
[Result "0-1"]
[WhiteElo "2697"]
[BlackElo "2543"]
[TimeControl "180+1"]
[EndTime "8:56:58 PDT"]
[Termination "Chess_Gainz won by checkmate"]

1. e4 d6 2. d4 Nf6 3. f3 Nbd7 4.
c4 e5 5. d5 Be7 6. Nc3 c6 7.
Be3 O-O 8. Qd2 cxd5 9. cxd5 a6 10. a4 h5 11. h4 Nc5 12. Qc2 Nfd7 13. b4 Bxh4+ 14. Kd1 Bg5 15. Bf2 g6 16. bxc5 Nxc5 17. Bxc5 dxc5 18. Bc4 Bd7 19. a5 b5 20. axb6 Qxb6 21.
Rb1 Qa5 22. Nh3 Be3 23. Ke2 Bd4 24. Rhc1 Rab8 25. Nf2 Rxb1 26. Nxb1 Rb8 27. Nd3 Qd8 28. Nd2 Bb5 29. Bxb5 axb5 30. Nxc5 Rc8 31. Ndb3 Qg5 32.
Kd3 Qe3# 0-1

[Event "Early-Titled-Tuesday-Blitz-March-19-2024"]
[Site "Chess.com"]
[Date "2024.03.19"]
[Round "5"]
[White "CatLoverPL"]
[Black "Zampronha1971"]
[Result "1/2-1/2"]
[WhiteElo "2493"]
[BlackElo "2316"]
[TimeControl "180+1"]
[EndTime "8:56:58 PDT"]
[Termination "Game drawn by repetition"]

1. g3 Nf6 2. Bg2 e6 3. Nf3 c5 4.
O-O b6 5. c4 Bb7 6. Nc3 Be7 7.
d3 O-O 8. Rb1 d5 9. cxd5 Nxd5 10. a3 Nxc3 11. bxc3 Nc6 12. Be3 Qd7 13. Qa4 Rfd8 14.
Rfd1 h6 15. Qc2 Rac8 16. h4 Qc7 17. Kf1 Ne5 18. Nxe5 Bxg2+ 19. Kxg2 Qxe5 20. Qd2 Qd5+ 21. Kg1 Bf8 22. c4 Qb7 23. a4 Qa6 24. a5 Rc6 25.
Rb5 Qb7 26. Rdb1 Qc7 27. Qb2 Rb8 28. Bf4 Bd6 29. Bxd6 Qxd6 30. Qd2 a6 31. R5b2 Qc7 32. Qc2 Rd6 33. Qa4 g6 34. Kh2 Kg7 35. axb6 Rdxb6 36. Rxb6 Rxb6 37. Qa5 Rc6 38. Qc3+ Kh7 39. Ra1 Qb7 40. Qf6 Rc7 41. Ra2 Qc6 42. Rb2 Rb7 43.
Ra2 Qb6 44. h5 gxh5 45. Qf3 Rd7 46. Qxh5 Kg7 47. Qg4+ Kh7 48. f3 Rd4 49. Qh5 Kg7 50. Kg2 Qd6 51. Ra1 e5 52. Rh1 Qf6 53. Rh4 Rxh4 54.
gxh4 Qf4 55. Kf2 a5 56. e3 Qh2+ 57. Ke1 Qg1+ 58. Kd2 Qf2+ 59. Kc3 Qxe3 60. Qg4+ Kf8 61. Qc8+ Kg7 62. Qg4+ Kf8 63. Qc8+ Kg7 64. Qg4+ 1/2-1/2

[Event "Early-Titled-Tuesday-Blitz-March-19-2024"]
[Site "Chess.com"]
[Date "2024.03.19"]
[Round "5"]
[White "KnightmareJoker"]
[Black "AA95"]
[Result "1-0"]
[WhiteElo "2305"]
[BlackElo "2461"]
[TimeControl "180+1"]
[EndTime "8:56:58 PDT"]
[Termination "KnightmareJoker won on time"]

1. e4 c5 2. Nf3 e6 3. d4 cxd4 4.
Nxd4 Nf6 5. Nc3 d6 6. Be2 Be7 7.
Be3 a6 8. O-O Qc7 9. f4 Nc6 10.
Kh1 Nxd4 11. Bxd4 e5 12. Be3 Be6 13. f5 Bc4 14. Rf3 b5 15. Rg3 b4 16. Nd5 Bxd5 17. exd5 Kf8 18. Bf3 a5 19. Qd3 Rc8 20. Rc1 Qc4 21.
b3 Qxd3 22. cxd3 Rxc1+ 23. Bxc1 h5 24. Be4 h4 25. Re3 h3 26. g3 Ng4 27. Re2 Bd8 28.
Bf3 Nf6 29. Be3 Nd7 30. Rc2 g6 31. Rc8 Kg7 32. Bg4 Bb6 33. f6+ Kxf6 34. Rxh8 Bxe3 35. Bxd7 Bc1 36. Bxh3 Bb2 37. Ra8 Ba3 38. Rxa5 Kg5 39. Ra7 1-0

[Event "Early-Titled-Tuesday-Blitz-March-19-2024"]
[Site "Chess.com"]
[Date "2024.03.19"]
[Round "5"]
[White "NovozhilovSemen"]
[Black "Arystanner"]
[Result "0-1"]
[WhiteElo "2631"]
[BlackElo "2842"]
[TimeControl "180+1"]
[EndTime "8:56:59 PDT"]
[Termination "Arystanner won by resignation"]

1. d4 Nf6 2. Nf3 g6 3. Nc3 d5 4.
Bf4 Bg7 5. Nb5 Na6 6. e3 O-O 7. Be2 c5 8. O-O Bd7 9. a4 c4 10. h3 Qb6 11. b3 Rfc8 12. Ne5 Bxb5 13. axb5 Qxb5 14. bxc4 dxc4 15. Qb1 Qxb1 16. Rfxb1 Nd5 17. Rxb7 Nab4 18. Bxc4 Nxf4 19. Rxb4 Bxe5 20. dxe5 Ne6 21. Bxe6 fxe6 22. Ra6 Kf7 23. Rf4+ Ke8 24. Rxe6 Rxc2 25.
Ra6 Rb2 26. e6 Rb6 27. Rxb6 axb6 28. Rf7 b5 29. Rxh7 Ra1+ 30. Kh2 Kd8 31. Rh4 Ra4 32. Rh6 b4 33. Rh4 Kc7 34. Rd4 Kc6 35. g4 Kc5 36. h4 Ra6 37. h5 gxh5 38. gxh5 b3 39. Rd3 Kc4 40. h6 Kxd3 0-1

[Event "Early-Titled-Tuesday-Blitz-March-19-2024"]
[Site "Chess.com"]
[Date "2024.03.19"]
[Round "5"]
[White "SmirnovAlexandrA"]
[Black "Nuvas"]
[Result "1-0"]
[WhiteElo "2633"]
[BlackElo "2820"]
[TimeControl "180+1"]
[EndTime "8:57:00 PDT"]
[Termination "SmirnovAlexandrA won on time"]

1. e4 e5 2. d4 exd4 3. Qxd4 Nc6 4. Qe3 Nf6 5. Nc3 Bb4 6. Bd2 d6 7. O-O-O O-O 8. Qg3 Ne5 9. f3 Be6 10. h4 Bc4 11. h5 Bxf1 12. Rxf1 Kh8 13. h6 g6 14. Bg5 Bxc3 15. bxc3 Qe7 16. Qh4 Ned7 17. Ne2 Qe6 18. Nd4 Qxa2 19. Bxf6+ Kg8 20. Nf5 Rfe8 21. Ne7+ Rxe7 22.
Bxe7 Re8 23. Bf6 Qe6 24. Bd4 c5 25. Be3 Qc4 26. Kd2 b5 27. Rb1 a5 28. Qf4 Re6 29. Rhd1 b4 30. cxb4 cxb4 31. Ke1 Ne5 32. Rxd6 1-0

[Event "Early-Titled-Tuesday-Blitz-March-19-2024"]
[Site "Chess.com"]
[Date "2024.03.19"]
[Round "5"]
[White "Byniolus"]
[Black "TERMINATOR_PC"]
[Result "0-1"]
[WhiteElo "2783"]
[BlackElo "2565"]
[TimeControl "180+1"]
[EndTime "8:57:00 PDT"]
[Termination "TERMINATOR_PC won on time"]

1. d4 Nf6 2. Nf3 e6 3. Bf4 d5 4. e3 c5 5. c3 Nc6 6. Nbd2 Bd6 7. Bg3 O-O 8. Bd3 b6 9. Ne5 Bb7 10. f4 Ne7 11. Qb1 g6 12. Bf2 Nf5 13. g4 Ng7 14. h3 Rc8 15. O-O Nd7 16. Bb5 Nxe5 17. fxe5 Be7 18. Nf3 f5 19. exf6 Rxf6 20. Bg3 Bd6 21.
Ne5 Rxf1+ 22. Qxf1 Qe7 23. Qe2 Rf8 24. Rf1 Rxf1+ 25.
Qxf1 Ne8 26. Kg2 c4 27. Ba4 Qf8 28. Qxf8+ Kxf8 29. Nd7+ Ke7 30. Bh4+ Kf7 31. Kf2 Bc8 32. Ne5+ Bxe5 33. dxe5 Nc7 34. Bg5 Ba6 0-1

[Event "Early-Titled-Tuesday-Blitz-March-19-2024"]
[Site "Chess.com"]
[Date "2024.03.19"]
[Round "5"]
[White "VitaliyBernadskiy"]
[Black "GM_dmitrij"]
[Result "0-1"]
[WhiteElo "2877"]
[BlackElo "3086"]
[TimeControl "180+1"]
[EndTime "8:57:01 PDT"]
[Termination "GM_dmitrij won on time"]

1. d4 Nf6 2. Nf3 g6 3. c4 Bg7 4.
Nc3 O-O 5. e4 d6 6. Be2 e5 7. O-O exd4 8. Nxd4 Re8 9. f3 c6 10.
Kh1 Nbd7 11. Bg5 Qb6 12. Nb3 a5 13. Qc2 a4 14. Nd2 a3 15. b3 Qa5 16. Bh4 Ng4 17.
Rfc1 Ne3 18. Qd3 Nf5 19. exf5 Nc5 20. Qc2 Bxc3 21. Qxc3 Qxc3 22. Rxc3 Rxe2 23. Ne4 Nxe4 24. fxe4 Rxe4 25. Bg3 Bxf5 26. Bxd6 Re2 27. h3 Be4 28.
Rg3 f5 29. b4 Rd8 30. c5 Bd5 31. Rd1 Rxa2 32. Rdd3 Ra8 0-1

[Event "Early-Titled-Tuesday-Blitz-March-19-2024"]
[Site "Chess.com"]
[Date "2024.03.19"]
[Round "5"]
[White "Shuvalov"]
[Black "Sofia_Blokhin"]
[Result "1/2-1/2"]
[WhiteElo "2568"]
[BlackElo "2263"]
[TimeControl "180+1"]
[EndTime "8:57:01 PDT"]
[Termination "Game drawn by repetition"]

1. d4 f5 2. c4 Nf6 3. Nc3 g6 4. h4 Bg7 5. h5 d6 6. h6 Bf8 7. Nf3 e6 8. Qc2 Be7 9. e4 fxe4 10. Nxe4 Nc6 11. Bd2 b6 12. Bd3 Rg8 13. Neg5 Qd7 14. O-O-O Bb7 15. Rde1 e5 16. dxe5 dxe5 17. Nxe5 Nxe5 18.
Rxe5 O-O-O 19. Rh3 Ng4 20. Rd5 Bxd5 21. cxd5 Nxf2 22.
Ba6+ Kb8 23. Rc3 Bb4 24. Rc4 Bxd2+ 25. Qxd2 Qxd5 26. Qxd5 Rxd5 27. Nxh7 Rd1+ 28. Kc2 Rgd8 29. Rf4 Nd3 30. Re4 Nc5 31. Rg4 Nxa6 32. Rxg6 R8d3 33. a3 R1d2+ 34. Kb1 Rb3 35. Kc1 Rbxb2 36. Nf6 Nc5 37. Nd7+ Nxd7 38. h7 Rbc2+ 39. Kb1 Rb2+ 40. Kc1 Rbc2+ 41.
Kb1 Rb2+ 42. Kc1 1/2-1/2